 Dungeon Crawl Stone Soup version 0.20.1-1-g8b1a95d (webtiles) character file.

4090 LittleSunflower the Fighter (level 10, -15/72 HPs)
             Began as a Demonspawn Monk on Aug 20, 2017.
             Was a Priest of Hepliaklqana.
             Killed from afar by an orc sorcerer (40 damage)
             ... with a bolt of fire
             ... on level 7 of the Dungeon.
             The game lasted 00:24:31 (7250 turns).

LittleSunflower the Fighter (Demonspawn Monk)       Turns: 7250, Time: 00:24:33

Health: -15/72     AC: 19    Str: 11    XL:     10   Next: 5%
Magic:  0/10       EV: 11    Int: 13    God:    Hepliaklqana [***...]
Gold:   281        SH:  0    Dex: 18    Spells: 9/9 levels left

rFire    x . .     SeeInvis .     - Unarmed
rCold    + + .     Gourm    .   (no shield)
rNeg     . . .     Faith    .   g - +0 ice dragon scales
rPois    .         Spirit   +   w - +2 helmet
rElec    .         Reflect  .   h - +0 cloak
rCorr    .         Harm     .   (no gloves)
MR       .....                  (no boots)
Stlth    ..........             j - amulet of rage
Regen    0.3/turn               (no ring)
MPRegen  0.2/turn               (no ring)

@: drained
A: reduced essence, claws 1, iridescent scales 2, spiny 2, magic shield
a: Recall Ancestor, Ancestor Identity, Transference, Renounce Religion, Evoke
Berserk Rage


You were on level 7 of the Dungeon.
You worshipped Hepliaklqana.
Hepliaklqana was most pleased with you.
You were not hungry.

You visited 2 branches of the dungeon, and saw 8 of its levels.

You collected 281 gold pieces.

Inventory:

Missiles
 p - 3 throwing nets (quivered)
 z - 4 tomahawks
Armour
 a - a +0 robe
 g - +0 ice dragon scales (worn)
 h - a +0 cloak (worn)
 m - the +1 ring mail "Caeshryas" {Dex+9 Slay-5, unknown}
   (You found it on level 4 of the Dungeon)

   It affects your dexterity (+9).
   It affects your accuracy and damage with ranged weapons and melee attacks
   (-5).
 w - a +2 helmet (worn)
Jewellery
 j - an amulet of rage (around neck)
 n - an uncursed ring of magical power {unknown}
 M - an uncursed ring of poison resistance {unknown}
Wands
 l - a wand of polymorph (9/24)
 v - a wand of paralysis (10/24)
 B - a wand of polymorph (6/24)
 D - a wand of polymorph (13/24)
 K - a wand of confusion (20/48)
Scrolls
 d - 2 scrolls of amnesia
 e - 3 scrolls of remove curse
 f - 2 scrolls of teleportation {unknown}
 k - 4 scrolls of enchant armour
 s - 2 scrolls of magic mapping {unknown}
 y - a scroll of enchant weapon {unknown}
 I - a scroll of immolation {unknown}
 J - a scroll of fog {unknown}
Potions
 c - 2 potions of curing
 i - 3 potions of heal wounds
 q - 2 potions of agility {unknown}
 r - 2 potions of magic {unknown}
 u - a potion of mutation {unknown}
 x - 5 potions of lignification
 A - a potion of degeneration {unknown}
 C - a potion of resistance {unknown}
 E - a potion of cancellation {unknown}
 H - 2 potions of might {unknown}
 L - a potion of haste
Books
 F - a book of Callings

   Spells                             Type                      Level
   a - Summon Small Mammal            Summoning                    1
   b - Call Imp                       Summoning                    2
   c - Call Canine Familiar           Summoning                    3
   d - Summon Guardian Golem          Hexes/Summoning              3
   e - Summon Lightning Spire         Summoning/Air                4
   f - Summon Ice Beast               Ice/Summoning                4
Comestibles
 b - 6 bread rations
 o - 2 fruits
 t - 5 chunks of flesh
 G - a royal jelly


   Skills:
 + Level 8.1(7.4) Fighting
 + Level 6.4(5.7) Armour
 + Level 7.2(6.6) Dodging
 - Level 1.7(1.2) Stealth
 + Level 7.1(6.5) Unarmed Combat
 + Level 0.0 Invocations


You had 9 spell levels left.
You didn't know any spells.

Dungeon Overview and Level Annotations

Branches:
Dungeon (7/15)             Temple (1/1) D:5

Altars:
Ashenzari
Cheibriados
Dithmenos
Elyvilon
Gozag
Hepliaklqana
Kikubaaqudgha
Makhleb
Nemelex Xobeh
Okawaru
Qazlal
Ru
Sif Muna
Trog
Uskayaw
Vehumet
Xom
Yredelemnul
Zin
The Shining One


Innate Abilities, Weirdness & Mutations

You have sharp fingernails.
You are mostly covered in iridescent scales. (AC +4)
You are mostly covered in sharp spines.
When hurt, damage is shared between your health and your magic reserves.
Your life essence is reduced to manifest your ancestor. (-10% HP)


Message History

The orc sorcerer splashes around in the water.
The orc sorcerer is struck by your spines.
The orc sorcerer barely misses you.
The orc sorcerer hits Takurtum with a dagger.
Takurtum hits the orc sorcerer but does no damage.
Takurtum drains the orc sorcerer!
You scratch the orc sorcerer.
The orc sorcerer is moderately wounded.
The orc sorcerer hits you but does no damage.
The orc sorcerer closely misses you.
The orc sorcerer hits Takurtum with a dagger.
Takurtum barely misses the orc sorcerer.
You scratch the orc sorcerer.
The orc sorcerer is heavily wounded.
The orc sorcerer gestures at you while chanting.
The bolt of fire misses you. The orc sorcerer casts a spell at you.
The bolt of fire hits you! The fire burns you terribly!
Ouch! That really hurt!
You die...

###.#
.#.......#..
##.#.#
.#..........
##.#..#
#.......#.#
#.#...#
#.......#.#
##...##
##.##..##..
##.## .......
### #.##
##.###.####
####..####..
.......
#...@R.....#
.#.####
#.Z≈≈ooo≈≈...
#.
....≈≈##4##≈≈.#
...... ##..≈#
.. #≈.# #.###.
#..≈ ... ≈.# #.
#.. $... .. #.
##. .|.#≈ #.
..##≈. #. ##


You could see the friendly Takurtum the hexer, an orange demon, 3 orc sorcerers
and a centaur zombie.

Vanquished Creatures
  A two-headed ogre (D:6)
  Pikel (D:6)
  The ghost of letownia the Insei, an amateur OpTm (D:6)
  Eustachio (D:6)
  Menkaure (D:6)
  A water moccasin (D:6)
  2 ice beasts
  2 sky beasts
  An ogre (D:6)
  A centaur (D:6)
  A crocodile (D:6)
  3 bullfrogs
  Dowan (D:5)
  A scorpion (D:4)
  3 vampire bats (D:3)
  3 wights (D:7)
  2 howler monkeys
  A bullfrog zombie (D:7)
  2 jellies (D:7)
  2 quasits (D:6)
  2 orc priests
  3 hounds
  Jessica (D:3)
  Ijyb (D:4)
  Natasha (thrice) (D:3)
  3 orc wizards
  6 worker ants
  A worker ant zombie (D:7)
  Robin (D:3)
  A howler monkey skeleton (D:4)
  5 gnolls
  4 adders
  An adder zombie (D:7)
  An adder skeleton (D:3)
  3 worms
  2 dart slugs (D:1)
  4 leopard geckos
  12 orcs
  A ball python (D:3)
  3 bats
  6 bat skeletons (D:3)
  A bat zombie (D:3)
  5 giant cockroaches
  19 goblins
  7 hobgoblins
  13 jackals
  9 kobolds
  3 quokkas
  7 frilled lizards
  A leopard gecko skeleton (D:4)
  11 rats
171 creatures vanquished.

Vanquished Creatures (collateral kills)
  Duvessa (D:5)
  A slave (D:6)
  A black bear (D:6)
  An ogre (D:6)
  A scorpion (D:7)
  An orc wizard (D:7)
  A jackal (D:7)
7 creatures vanquished.

Vanquished Creatures (others)
  A slave (D:6)
  2 jackals (D:6)
3 creatures vanquished.

Grand Total: 181 creatures vanquished

Notes
Turn   | Place    | Note
-------+----------+-------------------------------------------
     0 | D:1      | LittleSunflower the Demonspawn Monk began the quest for the Orb.
     0 | D:1      | Reached XP level 1. HP: 18/18 MP: 1/1
   247 | D:1      | Gained mutation: You have sharp fingernails. [demonic ancestry]
   247 | D:1      | Reached XP level 2. HP: 19/24 MP: 2/2
   405 | D:1      | You fall through a shaft!
   821 | D:2      | Reached XP level 3. HP: 29/29 MP: 3/3
   894 | D:2      | Found a glowing silver altar of Zin.
   894 | D:2      | Found a radiant altar of Vehumet.
  1855 | D:2      | Gained mutation: You are partially covered in sharp spines. [demonic ancestry]
  1855 | D:2      | Reached XP level 4. HP: 37/37 MP: 4/4
  2169 | D:3      | Reached skill level 1 in Armour
  2376 | D:3      | Found an ancient bone altar of Kikubaaqudgha.
  2380 | D:3      | Reached skill level 4 in Fighting
  2380 | D:3      | Gained mutation: You are mostly covered in sharp spines. [demonic ancestry]
  2380 | D:3      | Reached XP level 5. HP: 41/42 MP: 5/5
  2547 | D:3      | Noticed Robin
  2565 | D:3      | Killed Robin
  2605 | D:3      | Noticed Jessica
  2613 | D:3      | Killed Jessica
  2613 | D:3      | Reached XP level 6. HP: 48/49 MP: 6/6
  2635 | D:3      | Noticed Natasha
  2642 | D:3      | Killed Natasha
  2766 | D:3      | You fall through a shaft for 3 floors!
  2780 | D:6      | Noticed Menkaure
  2789 | D:6      | Killed Menkaure
  2912 | D:5      | Entered Level 5 of the Dungeon
  3089 | D:4      | Reached skill level 5 in Fighting
  3102 | D:4      | Reached XP level 7. HP: 55/56 MP: 7/7
  3287 | D:4      | Noticed Ijyb
  3299 | D:4      | Killed Ijyb
  3336 | D:4      | Got an obsidian-studded ring mail
  3988 | D:3      | Noticed Natasha
  3996 | D:3      | Killed Natasha
  4032 | D:3      | Noticed Natasha
  4038 | D:3      | Killed Natasha
  4550 | D:5      | Found a staircase to the Ecumenical Temple.
  4557 | D:5      | Reached skill level 5 in Dodging
  4557 | D:5      | Gained mutation: You are partially covered in iridescent scales. (AC +2) [demonic ancestry]
  4557 | D:5      | Reached XP level 8. HP: 57/64 MP: 8/8
  4722 | Temple   | Entered the Ecumenical Temple
  4770 | Temple   | Became a worshipper of Hepliaklqana the Forgotten
  4770 | Temple   | Reached * piety under Hepliaklqana
  4770 | Temple   | Reached ** piety under Hepliaklqana
  4771 | Temple   | Remembered your ancestor Takurtum as a hexer
  4982 | D:5      | Noticed Duvessa
  4983 | D:5      | Noticed Dowan
  4996 | D:5      | Killed Duvessa
  4996 | D:5      | Reached skill level 6 in Fighting
  4996 | D:5      | Reached skill level 5 in Unarmed Combat
  4998 | D:5      | Killed Dowan
  5404 | D:6      | Noticed letownia's ghost (amateur OpTm)
  5410 | D:6      | Killed letownia's ghost
  5434 | D:6      | Noticed Eustachio
  5454 | D:6      | Killed Eustachio
  5761 | D:6      | Noticed a two-headed ogre
  5772 | D:6      | Killed a two-headed ogre
  5772 | D:6      | Reached skill level 7 in Fighting
  5772 | D:6      | Reached skill level 5 in Armour
  5772 | D:6      | Gained mutation: You are mostly covered in iridescent scales. (AC +4) [demonic ancestry]
  5772 | D:6      | Reached XP level 9. HP: 38/64 MP: 9/9
  6329 | D:6      | Noticed Pikel
  6347 | D:6      | Killed Pikel
  6644 | D:7      | Reached skill level 8 in Fighting
  6713 | D:7      | Noticed a troll
  7149 | D:7      | Gained mutation: When hurt, damage is shared between your health and your magic reserves. [demonic ancestry]
  7149 | D:7      | Reached XP level 10. HP: 66/72 MP: 7/10
  7226 | D:7      | Reached *** piety under Hepliaklqana
  7241 | D:7      | Noticed an orc sorcerer
  7242 | D:7      | Noticed an orc sorcerer
  7242 | D:7      | Noticed an orc sorcerer
  7244 | D:7      | Noticed an orange demon
  7250 | D:7      | Killed from afar by an orc sorcerer

Skill      XL: |  1  2  3  4  5  6  7  8  9 |
---------------+----------------------------+-----
Dodging        | 3 4 5 6 7 |  7.2
Unarmed Combat | 3 4 6 7 |  7.1
Armour         | 1 2 3 5 6 |  6.4
Fighting       | 4 5 7 8 |  8.1
Stealth        | |  1.7

Action                   |  1- 3 |  4- 6 |  7- 9 | 10-12 || total
-------------------------+-------+-------+-------+-------++-------
Melee: Unarmed           |   106 |   120 |   243 |    24 ||   493
       Punch             |     3 |     2 |     5 |     1 ||    11
       Short sword       |     1 |       |       |       ||     1
Throw: Stone             |     2 |       |       |       ||     2
Invok: Ancestor Life: He |       |       |     1 |       ||     1
       Recall Ancestor   |       |       |     2 |       ||     2
  Use: Scroll            |       |       |     7 |       ||     7
 Stab: Sleeping          |     3 |       |       |       ||     3
       Distracted        |       |       |     4 |       ||     4
  Eat: Chunk             |     3 |     4 |    13 |       ||    20
Armor: Robe              |     1 |       |       |       ||     1
       Ice dragon scales |    34 |    61 |   139 |     7 ||   241
       Skin              |       |       |    17 |       ||    17
Dodge: Dodged            |    47 |    51 |   131 |    11 ||   240
